AoeStats
← TANRIM-AFFET

Yucatan

503003134Analyzed
4v4 RM · 2mo ago on Aug 29, 2026· 25m 25s· 8 players
Game mode
Random Map
Map size
Large (8 player)
Population
200
Speed
Normal
Resources
Standard
Victory
Conquest
Starting age
Dark Age
Ending age
Imperial Age
RankedLock teamsTeams togetherTeam positionsShared explorationLock speedFull tech treeHidden civsTurbo modeCheats
Victory
Defeat
🇮🇩 Khitans · Indonesia
836
+12
🇹🇷 Goths · Türkiye
829
+13
🇮🇩 Huns · Indonesia
815
+13
🇧🇷 Chinese · Brazil
776
+15
vs
🇹🇷 Franks · Türkiye
822
-39
🇺🇦 Slavs · Ukraine
752
-13
🇬🇧 Berbers · United Kingdom
727
-12
🇨🇳 Inca · China
707
-11
jsx_001
12:55 Feudal Age
16:55 Double-Bit Axe
19:57 Castle Age
23:13 Gold Mining
27:06 Imperial Age
Gluyk
0:42 Loom
10:23 Feudal Age
11:42 Wheelbarrow
10:56 Double-Bit Axe
10:54 Horse Collar
11:12 Town Watch
21:20 Castle Age
20:35 Man-at-Arms
21:59 Padded Archer Armor
22:10 Forging
22:18 Hand Cart
22:07 Heavy Plow
22:26 Bow Saw
Sky、OJ8k
12:08 Feudal Age
13:48 Double-Bit Axe
13:51 Horse Collar
15:50 Gold Mining
15:53 Stone Mining
16:40 Loom
20:52 Castle Age
23:04 Caravan
23:41 Heavy Plow
23:57 Bow Saw
24:34 Heavy Plow
TANRIM-AFFET
7:31 Loom
10:18 Feudal Age
14:33 Scale Barding Armor
20:05 Double-Bit Axe
22:39 Man-at-Arms
[FNZ] F3RNZ
1:01 Loom
14:01 Feudal Age
19:44 Castle Age
20:04 Forging
19:55 Scale Mail Armor
Sleeperis4065
12:38 Feudal Age
15:44 Loom
18:27 Castle Age
18:43 Stone Mining
18:50 Gold Mining
19:35 Double-Bit Axe
19:32 Horse Collar
20:50 Bow Saw
22:21 Gold Shaft Mining
22:27 Bloodlines
22:19 Loom
25:27 Marauders
25:42 Scale Barding Armor
25:48 Forging
25:46 Husbandry
Gudang Garam
1:16 Loom
13:19 Feudal Age
14:04 Double-Bit Axe
21:31 Castle Age
20:11 Gold Mining
20:15 Stone Mining
19:48 Man-at-Arms
21:05 Domestication
21:43 Long Swordsman
22:09 Gambesons
22:26 Squires
aslıaslıaslı
3:18 Loom
11:51 Feudal Age
18:01 Castle Age
16:54 Double-Bit Axe
18:48 Wheelbarrow
18:08 Gold Mining
18:11 Stone Mining
19:24 Wheelbarrow
22:49 Scale Mail Armor
23:28 Bow Saw
23:37 Forging
24:29 Horse Collar
Connection lost

Rejoining the realm…

Still unreachable

The connection could not be restored.

Session expired

The server has moved on; the page needs a fresh start.